 Dungeon Crawl Stone Soup version 0.29-a0-234-g0dae59b3db (webtiles) character file.

Game seed: 15410951758664519928

6697 spaghetti the Unseen (level 11, -9/71 HPs)
             Began as an Octopode Fighter on Mar 3, 2022.
             Was an Initiate of Gozag.
             Mangled by a shadow (34 damage)
             ... on level 10 of the Dungeon.
             The game lasted 00:19:27 (10643 turns).

spaghetti the Unseen (Octopode Fighter)            Turns: 10643, Time: 00:19:28

Health: -9/71      AC:  1    Str: 16    XL:     11   Next: 3%
Magic:  11/11      EV: 16    Int: 11    God:    Gozag
Gold:   1661       SH:  6    Dex: 17    Spells: 10/10 levels left

rFire   + . .      SeeInvis .   b - +2 dagger (holy) {short}
rCold   + . .      Faith    .   j - +1 buckler
rNeg    . . .      Spirit   .   (helmet restricted)
rPois   .          Reflect  .   d - amulet of the acrobat
rElec   .          Harm     .   n - ring of protection from cold
rCorr   .          Rampage  .   g - ring of fire
Will    +....                   (no ring)
Stlth   +++++++++.              (no ring)
HPRegen 1.01/turn               (no ring)
MPRegen 0.12/turn               (no ring)
                                (no ring)
                                (no ring)

@: studying 2 skills
A: almost no armour, amphibious, 8 rings, camouflage 1, gelatinous body 1,
(nimble swimmer 1), tentacles, beak, agile 1, cold resistance 1, strong-willed
1, regeneration 1
a: Renounce Religion, Potion Petition, Call Merchant, Bribe Branch


You were on level 10 of the Dungeon.
You worshipped Gozag.
Gozag was most pleased with you.
You visited 2 branches of the dungeon, and saw 11 of its levels.

You collected 1714 gold pieces.
You paid 53 gold pieces to Gozag.


Innate Abilities, Weirdness & Mutations

You cannot wear most types of armour.
You are amphibious.
You can wear up to eight rings at the same time.
Your skin changes colour to match your surroundings (Stealth+).
Your rubbery body absorbs attacks. (AC +1, EV +1)
((You are camouflaged when in or above water. (Stealth+)))
You have tentacles for arms and can constrict up to eight enemies at once.
You have a beak for a mouth.
You are agile. (Dex +2)
Your flesh is cold resistant. (rC+)
You are strong-willed. (Will+)
Your natural rate of healing is unusually fast.


   Skills:
 - Level 5.0 Fighting
 - Level 2.0 Long Blades
 + Level 6.8 Dodging
 - Level 20.0 Stealth
 - Level 3.0 Shields


You had 10 spell levels left.
You didn't know any spells.
Your spell library contained the following spells:

 Spells                   Type           Power      Damage    Failure   Level
 Beastly Appendage        Tmut           0%         N/A       43%         1
 Pain                     Necr           0%         1d4       43%         1
 Wereblood                Tmut           0%         N/A       56%         2
 Spider Form              Tmut/Pois      0%         N/A       80%         3
 Agony                    Necr           0%         N/A       100%        5
 Excruciating Wounds      Necr           0%         N/A       100%        5

Inventory:

Hand Weapons
 a - a +5 dagger of speed {short}
   (You took it off a goblin on level 1 of the Dungeon)
 b - a +2 dagger of holy wrath (weapon) {short}
   (You took it off a goblin on level 2 of the Dungeon)
 e - a +0 long sword {long}
 s - a +0 shortbow {bow}
   (You found it on level 3 of the Dungeon)
 v - a +2 mace of venom {mace}
   (You took it off a gargoyle on level 10 of the Dungeon)
Missiles
 f - 193 stones (quivered) {throwing}
 i - 6 boomerangs {throwing}
 o - 12 poisoned darts {throwing}
 q - a curare-tipped dart {=fthrowing}
 y - 4 throwing nets {=f!fthrowing}
Armour
 j - a +1 buckler (worn)
Magical Staves
 h - a staff of earth {!astaff}
   (You found it on level 3 of the Dungeon)
Jewellery
 d - an amulet of the acrobat (around mantle)
   (You found it on level 4 of the Dungeon)
 g - a ring of fire (right tentacle)
   (You found it on level 4 of the Dungeon)
 n - a ring of protection from cold (left tentacle)
   (You found it on level 3 of the Dungeon)
Wands
 p - a wand of flame (9)
   (You took it off Jessica on level 3 of the Dungeon)
 G - a wand of polymorph (8)
   (You found it on level 8 of the Dungeon)
Scrolls
 c - a scroll of silence {!r}
 k - 2 scrolls of immolation {!r!r}
 m - 5 scrolls of identify {@r1}
 u - 3 scrolls of enchant armour
 w - a scroll of fog
 x - 2 scrolls of teleportation {@r4}
 z - a scroll of enchant weapon
Potions
 l - a potion of haste {@q3}
 r - a potion of cancellation {unknown}
 t - a potion of flight
 A - 3 potions of curing {@q1}
 C - 2 potions of brilliance
 D - a potion of attraction {!q}
 E - a potion of resistance
Miscellaneous
 B - a tin of tremorstones (2/2) {throwing}
   (You found it on level 10 of the Dungeon)

Dungeon Overview and Level Annotations

Branches:
Dungeon (10/15)            Temple (1/1) D:4            Lair (0/6) D:10
    Orc (0/2) D:10

Altars:
Ashenzari
Elyvilon
Fedhas
Gozag
Makhleb
Ru
Sif Muna
Trog
Wu Jian
Xom
Zin

Shops:
D:2 [   D:10 ([[

Annotations:
D:3 1 runed translucent door, ReploidZero's ghost, amateur VSFi

.......###.'....)......#
...∩.))##).#...........#
.....).)..)#############
...>...##.....>.......
.......##.#.#####.#.###
...∩...##.#.####......#
......................#
............####.##.#.#
............# #@#
.....#......# #{#
..#####.....# #.# #.#
####### #.. #.# ### #.#
#.


There were no monsters in sight!


Message History

No target in view!
No target in view!
No target in view!
No target in view!
No target in view!
No target in view!
No target in view!
Your +2 dagger of holy wrath {short} softly glows with a divine radiance!
b - a +2 dagger of holy wrath (weapon)
{short} You barely miss something.
You squeeze something.
The shadow strikes at you from the darkness!
Reactivating autopickup. 😕 HP[-6]
You take 6 damage, and now have 65/71 hp.
You hit the shadow.
The shadow convulses.
You peck the shadow. The shadow barely misses you. 😕 HP[+1]
You hit the shadow but do no damage. You peck the shadow, but do no damage.
You squeeze the shadow.
The shadow slips into darkness.
The shadow flickers and vanishes!
Deactivating autopickup; reactivate with Ctrl-A. 😕 HP[+1]
You closely miss something. You peck something.
The shadow strikes at you from the darkness!
Reactivating autopickup. 😕 HP[-3]
You take 3 damage, and now have 64/71 hp.
You barely miss the shadow. Your squeeze misses the shadow.
The shadow misses you. 😕 HP[+1]
You barely miss the shadow. You peck the shadow, but do no damage.
The shadow misses you. 😕 HP[+1]
You barely miss the shadow.
The shadow completely misses you. 😕 HP[+1]
You hit the shadow but do no damage. You peck the shadow, but do no damage.
You squeeze the shadow. The shadow barely misses you. 😕 HP[+1]
You closely miss the shadow. The shadow closely misses you. 😕 HP[+1]
You hit the shadow but do no damage. You block the shadow's attack. 😕 HP[+1]
You hit the shadow.
The shadow convulses.
The shadow slips into darkness.
The shadow flickers and vanishes!
Deactivating autopickup; reactivate with Ctrl-A. 😎 HP[+1]
Your hp is fully restored (71).
You hit something but do no damage.
The shadow strikes at you from the darkness!
Reactivating autopickup.
The shadow hits you! 😮 HP[-28]
You take 28 damage, and now have 43/71 hp.
MASSIVE DAMAGE!! (PAUSE)
You hit the shadow but do no damage. You peck the shadow.
You block the shadow's attack. 😮 HP[+1]
You hit the shadow but do no damage.
You peck the shadow, but do no damage. 😮 HP[+1]
You hit the shadow but do no damage. Your peck misses the shadow.
You squeeze the shadow. The shadow barely misses you.
The shadow slips into darkness.
The shadow flickers and vanishes!
Deactivating autopickup; reactivate with Ctrl-A. 😮 HP[+1]
You barely miss something. Your squeeze misses something. 😮 HP[+1]
You barely miss something. You peck something.
The shadow strikes at you from the darkness!
* * * LOW HITPOINT WARNING * * *
Reactivating autopickup.
The shadow slips into darkness.
The shadow flickers and vanishes!
Deactivating autopickup; reactivate with Ctrl-A. 😱 HP[-30]
You take 30 damage, and now have 17/71 hp.
MASSIVE DAMAGE!! (PAUSE)
You feel much better.
The shadow strikes at you from the darkness!
* * * LOW HITPOINT WARNING * * *
Reactivating autopickup. 😨 HP[+4]
You regained 4 hp, and now have 21/71 hp.
You hit the shadow.
The shadow convulses.
Your peck misses the shadow.
The shadow completely misses you. 😨 HP[+1]
You barely miss the shadow. You peck the shadow.
Your squeeze misses the shadow. You block the shadow's attack. 😨 HP[+1]
You hit the shadow.
The shadow convulses.
Your squeeze misses the shadow.
The shadow slips into darkness.
The shadow flickers and vanishes!
Deactivating autopickup; reactivate with Ctrl-A. 😨 HP[+1]
You closely miss something. Your peck misses something.
The shadow strikes at you from the darkness!
You die...
Your body crumbles into a pile of gold.

Skill      XL: |  1  2  3  4  5  6  7  8  9 10 |
---------------+-------------------------------+-----
Stealth        | 2 3 6 8 10 12 15 18 20 | 20.0
Fighting       | 5 |  5.0
Dodging        | 6 |  6.8
Long Blades    | |  2.0
Shields        | |  3.0

Action                   |  1- 3 |  4- 6 |  7- 9 | 10-12 || total
-------------------------+-------+-------+-------+-------++-------
Melee: Long sword        |    18 |       |       |       ||    18
       Constrict         |    14 |    16 |    26 |    32 ||    88
       Tentacles         |    11 |    15 |    31 |    47 ||   104
       Dagger            |    32 |   102 |   182 |   201 ||   517
       Punch             |     1 |       |     4 |     2 ||     7
       Peck              |       |       |    22 |    65 ||    87
Throw: Stone             |     7 |    11 |     1 |    12 ||    31
Evoke: Wand              |       |       |       |    12 ||    12
  Use: Potion            |     2 |    10 |     3 |     6 ||    21
       Scroll            |       |     8 |     4 |     4 ||    16
 Stab: Sleeping          |     5 |    24 |    18 |    14 ||    61
Armor: Skin              |     5 |     7 |    11 |    10 ||    33
Dodge: Dodged            |    22 |    34 |    62 |    96 ||   214
Block: Buckler           |     7 |    18 |    29 |    31 ||    85

Levels and vault maps discovered:
D:1:      giann_wishing_wells, layout_basic
D:2:      layout_rooms, serial_shops, shop
D:3:      layout_rooms, hellmonk_ecumenical_altar_slurped_away,
          ebering_ghost_reflecting_pool, serial_bayou_pond_c,
          kennysheep_jessica_study
D:4:      layout_basic, minmay_temple_entry_arrows, uniq_ijyb, uniq_grinder
D:5:      cheibrodos_quashed, layout_basic, minmay_holes,
          palyth_stone_intersect, hangedman_decor_push, lemuel_flamethrower_1
D:6:      layout_basic, kennysheep_generic_room_7
D:7:      layout_cave_pods, zin_statuary, serial_column_ruins,
          column_ruins_pillar_1, column_ruins_pillar_3, column_ruins_pillar_3,
          column_ruins_pillar_10, column_ruins_pillar_1, column_ruins_pillar_3,
          column_ruins_pillar_6, column_ruins_pillar_2, column_ruins_pillar_6,
          column_ruins_pillar_2, column_ruins_pillar_2, column_ruins_pillar_3,
          uniq_duvessa, uniq_harold
D:8:      minmay_slanted_spiral_squares, layout_loops_ring, serial_shops,
          nicolae_shop_stone, grunt_ministairs_6, minmay_manual_mares
D:9:      due_chaos_kobolds, layout_cross, uniq_pikel, uniq_joseph
D:10:     kennysheep_blocky_hall, layout_loops_cross, nicolae_ru_path_of_blood,
          orc_david_3, serial_shops, nicolae_square_shop
Temple:   mainiacjoe_temple_big_plus

Notes
Turn   | Place    | Note
-------+----------+-------------------------------------------
     0 | D:1      | spaghetti the Octopode Fighter began the quest for the Orb.
     0 | D:1      | Reached XP level 1. HP: 16/16 MP: 1/1
     0 | D:1      | magus.rc [v1.9.6]
   109 | D:1      | Reached skill level 1 in Stealth
   345 | D:2      | Reached skill level 2 in Stealth
   348 | D:2      | Reached XP level 2. HP: 15/21 MP: 2/2
   458 | D:2      | Reached skill level 3 in Stealth
   736 | D:2      | Reached XP level 3. HP: 14/26 MP: 3/3
   890 | D:3      | Reached skill level 4 in Stealth
   905 | D:4      | Noticed an ogre
  1236 | D:3      | Noticed a scorpion
  1245 | D:3      | HP: 5/26 [scorpion (2)]
  1246 | D:3      | Killed a scorpion
  1247 | D:3      | Reached skill level 6 in Stealth
  1247 | D:3      | Reached XP level 4. HP: 6/31 MP: 4/4
  1548 | D:3      | Found a runed translucent door.
  1574 | D:3      | Found a faded altar of an unknown god.
  1646 | D:3      | You pick up a book of Changes and begin reading...
  1646 | D:3      | You add the spells Beastly Appendage, Wereblood and Spider
                  | Form to your library.
  1825 | D:3      | Noticed Jessica
  1842 | D:3      | Killed Jessica
  1843 | D:3      | Reached XP level 5. HP: 36/36 MP: 5/5
  1862 | D:3      | Gained mutation: You sometimes lose the ability to read
                  | scrolls when taking damage. [potion of mutation]
  1862 | D:3      | Gained mutation: Your magical capacity is low. (-10% MP)
                  | [potion of mutation]
  1862 | D:3      | Gained mutation: Your natural rate of healing is unusually
                  | fast. [potion of mutation]
  1862 | D:3      | Gained mutation: Your system is resistant to poisons.
                  | (rPois) [potion of mutation]
  2072 | D:3      | Noticed ReploidZero's ghost (amateur VSFi)
  2094 | D:4      | HP: 7/36 [ogre/+0 giant spiked club (29)]
  2102 | D:4      | HP: 8/36 [something/magic dart (6)]
  2284 | D:3      | Reached skill level 7 in Stealth
  2349 | D:3      | Killed an ogre
  2350 | D:3      | Reached skill level 8 in Stealth
  2350 | D:3      | Reached XP level 6. HP: 30/42 MP: 5/5
  2490 | D:4      | Found a staircase to the Ecumenical Temple.
  2509 | D:4      | You pick up a book of Pain and begin reading...
  2509 | D:4      | You add the spells Pain, Agony and Excruciating Wounds to
                  | your library.
  2528 | Temple   | Entered the Ecumenical Temple
  2913 | Temple   | Became a worshipper of Gozag Ym Sagoz the Greedy
  3063 | D:2      | Found Kocular's Antique Armour Emporium.
  3670 | D:1      | Reached skill level 9 in Stealth
  4382 | D:2      | Lost mutation: You sometimes lose the ability to read
                  | scrolls when taking damage. [potion of mutation]
  4382 | D:2      | Lost mutation: Your natural rate of healing is unusually
                  | fast. [potion of mutation]
  4382 | D:2      | Lost mutation: Your system is resistant to poisons. (rPois)
                  | [potion of mutation]
  4382 | D:2      | Gained mutation: You are partially covered in iridescent
                  | scales. (AC +2) [potion of mutation]
  4454 | D:4      | Noticed Grinder
  4458 | D:4      | Paralysed by Grinder for 3 turns
  4474 | D:4      | HP: 14/63 [Grinder (4)]
  4477 | D:4      | Killed Grinder
  4478 | D:4      | Reached skill level 10 in Stealth
  4478 | D:4      | Reached XP level 7. HP: 15/46 MP: 6/6
  5285 | D:4      | Noticed Ijyb
  5296 | D:4      | Killed Ijyb
  5297 | D:4      | Reached skill level 11 in Stealth
  5459 | D:5      | Entered Level 5 of the Dungeon
  5609 | D:5      | Lost mutation: Your magical capacity is low. (-10% MP)
                  | [potion of mutation]
  5609 | D:5      | Lost mutation: You are partially covered in iridescent
                  | scales. (AC +2) [potion of mutation]
  5609 | D:5      | Gained mutation: You are strong-willed. (Will+) [potion of
                  | mutation]
  5609 | D:5      | Gained mutation: Your natural rate of healing is unusually
                  | fast. [potion of mutation]
  5609 | D:5      | Gained mutation: You have hidden genetic potential. [potion
                  | of mutation]
  5609 | D:5      | Gained mutation: Your flesh is cold resistant. (rC+)
                  | [potion of mutation]
  5709 | D:5      | Reached skill level 12 in Stealth
  5842 | D:5      | Reached XP level 8. HP: 52/52 MP: 8/8
  5941 | D:5      | Reached skill level 13 in Stealth
  6387 | D:6      | Reached skill level 14 in Stealth
  6387 | D:6      | Gained mutation: You have a beak for a mouth. [hidden
                  | potential]
  6596 | D:6      | Reached skill level 15 in Stealth
  6827 | D:6      | Reached XP level 9. HP: 56/56 MP: 9/9
  6973 | D:6      | Reached skill level 16 in Stealth
  7296 | D:6      | Gained mutation: You are agile. (Dex +2) [hidden potential]
  7296 | D:6      | Lost mutation: You have hidden genetic potential. [hidden
                  | potential expressed]
  7499 | D:7      | Reached skill level 17 in Stealth
  7646 | D:7      | Noticed Harold
  7662 | D:7      | Killed Harold
  7663 | D:7      | Reached skill level 18 in Stealth
  7823 | D:7      | Found a glowing silver altar of Zin.
  7905 | D:7      | Noticed Duvessa
  7905 | D:7      | Noticed Dowan
  7915 | D:7      | Killed Dowan
  7916 | D:7      | Reached XP level 10. HP: 46/63 MP: 10/10
  7920 | D:7      | Killed Duvessa
  8134 | D:7      | Reached skill level 19 in Stealth
  9029 | D:8      | Noticed an eight-headed hydra
  9034 | D:8      | Noticed an eight-headed hydra
  9035 | D:8      | Noticed a brown ugly thing
  9038 | D:8      | Noticed a skeletal warrior
  9040 | D:8      | Killed an eight-headed hydra
  9041 | D:8      | Reached skill level 20 in Stealth
  9041 | D:8      | Reached skill level 4 in Fighting
  9044 | D:8      | HP: 6/64 [skeletal warrior/+0 flail (21)]
  9384 | D:8      | HP: 8/65 [eight-headed hydra (11)]
  9766 | D:8      | Reached skill level 5 in Fighting
 10015 | D:10     | Entered Level 10 of the Dungeon
 10036 | D:10     | Noticed a gargoyle
 10043 | D:10     | Killed a gargoyle
 10044 | D:10     | Reached skill level 4 in Dodging
 10115 | D:10     | Reached skill level 5 in Dodging
 10270 | D:10     | Found Egarhidgh's Armour Boutique.
 10312 | D:10     | Found a staircase to the Lair.
 10324 | D:10     | Reached skill level 6 in Dodging
 10431 | D:10     | Reached XP level 11. HP: 63/71 MP: 11/11
 10451 | D:10     | Found Suutz's Armour Emporium.
 10453 | D:10     | Found a staircase to the Orcish Mines.
 10456 | D:10     | Found Coyg's Weapon Emporium.
 10581 | D:10     | Found a sacrificial altar of Ru.
 10638 | D:10     | HP: 17/71 [something (31)]
 10643 | D:10     | Mangled by a shadow

Vanquished Creatures
  Harold (D:7)
  A hydra (D:8)
  A gargoyle (D:10)
  A troll (D:10)
  Grinder (D:4)
  2 shadows (D:10)
  A yak (D:10)
  A steam dragon (D:7)
  A water moccasin (D:6)
  Duvessa (D:7)
  2 ice beasts
  3 sky beasts
  4 orc warriors
  2 black bears (D:5)
  2 ogres
  4 centaurs
  A phantom (D:6)
  3 kobold brigands
  A gnoll sergeant (D:8)
  6 bullfrogs
  2 necrophages
  3 scorpions
  4 wights (D:9)
  Dowan (D:7)
  4 killer bees (D:7)
  2 howler monkeys (D:8)
  3 hounds
  2 gnoll shamans (D:7)
  4 jellies
  Jessica (D:3)
  4 iguanas
  Ijyb (D:4)
  13 orc wizards
  7 gnolls (D:7)
  6 adders
  3 white imps
  2 worms
  2 dart slugs
  33 orcs
  8 bats
  8 endoplasms
  3 giant cockroaches
  5 goblins
  4 hobgoblins
  6 jackals
  6 quokkas
  4 ball pythons
  4 frilled lizards
  24 kobolds
  4 rats
212 creatures vanquished.

Vanquished Creatures (others)
  2 plants (D:3)
2 creatures vanquished.

Grand Total: 214 creatures vanquished

Table legend:
 A = Non-vault XP
 B = Vault XP
 C = Vault XP percentage of total XP
 D = Non-vault monster count
 E = Vault monster count
 F = Vault count percentage of total count
                 A         B        C        D         E       F
            +---------+---------+-------+---------+---------+-------
      Total |    6202 |    3366 |  35.2 |     184 |      28 |  13.2
            +---------+---------+-------+---------+---------+-------
        D:1 |      48 |       0 |   0.0 |      31 |       0 |   0.0
        D:2 |      72 |       0 |   0.0 |      18 |       0 |   0.0
        D:3 |     281 |      41 |  12.7 |      21 |       3 |  12.5
        D:4 |     152 |     303 |  66.6 |      11 |       2 |  15.4
        D:5 |     697 |       0 |   0.0 |      11 |       0 |   0.0
        D:6 |    1461 |      50 |   3.3 |      24 |       2 |   7.7
        D:7 |     983 |    1078 |  52.3 |      22 |       3 |  12.0
        D:8 |     513 |    1518 |  74.7 |      16 |      12 |  42.9
        D:9 |     294 |       0 |   0.0 |       4 |       0 |   0.0
       D:10 |    1701 |     376 |  18.1 |      26 |       6 |  18.8
            +---------+---------+-------+---------+---------+-------

Illustrated notes

Table legend:
 A = Kills in this place as a percentage of kills in entire the game.
 B = Kills by you in this place as a percentage of kills by you in the entire game.
 C = Kills by friends in this place as a percentage of kills by friends in the entire game.
 D = Other kills in this place as a percentage of other kills in the entire game.
 E = Experience gained in this place as a percentage of experience gained in the entire game.
 F = Experience gained in this place divided by the number of levels of this place that you have seen.
                   A       B       C       D       E      F
               +-------+-------+-------+-------+-------+----------------------
         Total | 100.0 | 100.0 |   N/A |   N/A | 100.0 | 869.8
       Dungeon | 100.0 | 100.0 |   N/A |   N/A | 100.0 | 956.8
               +-------+-------+-------+-------+-------+----------------------

Table legend: (Time is in decaauts)
 A = Elapsed time spent in this place.
 B = Non-inter-level travel time spent in this place.
 C = Inter-level travel time spent in this place.
 D = Time resting spent in this place.
 E = Time spent auto-exploring this place.
 F = Levels seen in this place.
 G = Mean time per level.
                   A        B        C        D        E       F      G
               +--------+--------+--------+--------+--------+-----+--------+
         Total |  10537 |  10000 |    537 |   2702 |   5689 |  11 |  957.9 |
       Dungeon |  10260 |   9853 |    407 |   2702 |   5545 |  10 | 1026.0 |
        Temple |    277 |    147 |    130 |      0 |    144 |   1 |  277.0 |
               +--------+--------+--------+--------+--------+-----+--------+

Top non-repeatable levels by time:
     D:3: 1623 daAuts
     D:1: 1615 daAuts
     D:7: 1351 daAuts
     D:4: 1254 daAuts
     D:6: 1110 daAuts
     D:8: 941 daAuts
     D:5: 814 daAuts
     D:2: 688 daAuts
    D:10: 605 daAuts
  Temple: 277 daAuts
     D:9: 254 daAuts
